 Dungeon Crawl Stone Soup version 0.32-a0-859-gb0a091d592 (webtiles) character file.

Game seed: 10266314990121717472

140 Aldia the Sneak (level 5, -1/28 HPs)
             Began as a Vampire Enchanter on Mar 28, 2024.
             Slain by a gnoll
             ... wielding a +0 spear
              (5 damage)
             ... on level 4 of the Dungeon.
             The game lasted 00:05:47 (2391 turns).

Aldia the Sneak (Vampire Enchanter)                 Turns: 2391, Time: 00:05:47

Health: -1/28      AC:  4    Str:  7    XL:     5   Next: 2%
Magic:  7/8        EV: 11    Int: 20    God:
Gold:   134        SH:  5    Dex: 14    Spells: 3/8 levels left

rFire   . . .        o - +2 short sword (drain)
rCold   + + .        (no shield)
rNeg    + + +        b - +0 robe
rPois   ∞            (no helmet)
rElec   .            f - +0 cloak
rCorr   .            (no gloves)
SInv    +            h - +0 pair of boots
Will    .....        j - amulet of reflection
Stlth   +++++        (no ring)
HPRegen 0.00/turn    (no ring)
MPRegen 0.11/turn

%: reflection
@: bloodless, inhibited regen
A: bloodless, fangs 3, see invisible, vampiric 2
a: Bat Form, Revivify


You were on level 4 of the Dungeon.
You visited 1 branch of the dungeon, and saw 4 of its levels.

You collected 134 gold pieces.

Inventory:

Hand Weapons
 a - a +1 dagger
 k - a +0 rapier
 o - a +2 short sword of draining (weapon)
Armour
 b - a +0 robe (worn)
 f - a +0 cloak (worn)
 h - a +0 pair of boots (worn)
Magical Staves
 s - a staff of death
Jewellery
 j - an amulet of reflection (around neck)
Scrolls
 d - a scroll of noise
 e - a scroll of enchant armour {unknown}
 i - a scroll of vulnerability {unknown}
 p - a scroll of amnesia {unknown}
 q - a scroll of teleportation {unknown}
 r - 2 scrolls of blinking
 t - a scroll of immolation
 u - a scroll of torment {unknown}
Potions
 c - 2 potions of invisibility
 g - a potion of mutation
 l - 2 potions of heal wounds
 m - 2 potions of might
 n - a potion of brilliance
 v - a potion of attraction {unknown}


   Skills:
 * Level 3.5 Short Blades
 - Level 2.1 Dodging
 * Level 6.5 Stealth
 - Level 2.0 Spellcasting
 - Level 5.0 Hexes
 - Level 1.0 Ice Magic


You had 3 spell levels left.
You knew the following spells:

 Your Spells              Type           Power      Damage    Failure   Level
a - Ensorcelled Hibernat  Hex/Ice        28%        N/A       7%          2
b - Confusing Touch       Hex            22%        N/A       6%          3

Your spell library contained the following spells:

 Spells                   Type           Power      Damage    Failure   Level
 Tukima's Dance           Hex            22%        N/A       6%          3
 Dazzling Flash           Conj/Hex       24%        N/A       17%         3


Dungeon Overview and Level Annotations

Branches:
Dungeon (4/15)
 Temple: D:4-7

Altars:
Uskayaw


Innate Abilities, Weirdness & Mutations

You do not regenerate when monsters are visible.
You are frail without blood (-20% HP).
You can heal yourself when you bite living creatures.
You are immune to poison.
You have razor-sharp teeth.
You have supernaturally acute eyesight. (SInv)
You are afflicted with vampirism and can become a bat while bloodless.


Message History

A gnoll comes into view. It is wielding a +0 halberd.
A goblin comes into view. It is wielding a +0 dagger.
Things that are here:
a +0 mace; an orc corpse The ball python bites you.
You hit the ball python. You bite the ball python.
You draw the ball python's blood!
You feel better.
The ball python is severely wounded.
The ball python closely misses you. The ball python grabs you.
The ball python constricts you.
The gnoll hits you from afar with a +0 spear.
You hit the ball python.
You kill the ball python!
The gnoll hits you from afar with a +0 spear.
Unknown command.
Casting: Ensorcelled Hibernation (safe; 7% risk of failure)
Confirm with . or Enter, or press ? or * to list all spells.
You don't know that spell.
Okay, then.
Casting: Ensorcelled Hibernation (safe; 7% risk of failure)
Confirm with . or Enter, or press ? or * to list all spells.
Aiming: Ensorcelled Hibernation (safe; 7% risk of failure)
Press: ? - help, Shift-Dir - straight line, f - gnoll
Aim: a gnoll, wielding a +0 spear (chance to affect: 56%)
The gnoll looks drowsy...
Unknown command.
Unknown command.
You block the gnoll's attack.
The gnoll shouts!
You see here a ball python corpse.
The gnoll hits you from afar with a +0 spear.
Things that are here:
a +0 mace; an orc corpse The gnoll attacks as it pursues you!
The gnoll hits you from afar with a +0 spear!
* * * LOW HITPOINT WARNING * * *
Okay, then.
The gnoll attacks as it pursues you!
The gnoll hits you from afar with a +0 spear.
You die...

.....##.##.#..≈.≈..§
..... #.##†#..≈..._.
.....##.##g#..≈.≈...
......#.##g#..≈.≈≈≈≈
.......)...g..≈B....
####....#.....≈≈≈≈≈≈
##....g##........
#........#.#....
..##...#@####.#...#
..........####.#...#
...#...............#
##.................#
#.................#
#..#...............##
..#####.#....<.......
.# #.##..#........ #.
#..###......


You could see 2 gnolls, a giant cockroach and a goblin.

Vanquished Creatures
  Terence (D:2)
  4 adders
  3 dart slugs
  An orc (D:4)
  9 ball pythons
  12 bats
  4 endoplasms
  4 giant cockroaches
  3 goblins
  6 hobgoblins
  10 kobolds
  6 quokkas
  2 frilled lizards
  5 rats
70 creatures vanquished.

Notes
Turn   | Place    | Note
-------+----------+-------------------------------------------
     0 | D:1      | Aldia the Vampire Enchanter began the quest for the Orb.
     0 | D:1      | Reached XP level 1. HP: 13/13 MP: 3/3
   203 | D:1      | Reached XP level 2. HP: 8/19 MP: 5/5
   208 | D:1      | Found a faded altar of an unknown god.
   244 | D:1      | Reached skill level 5 in Stealth
   256 | D:1      | Learned a level 2 spell: Ensorcelled Hibernation
   643 | D:1      | Gained mutation: You are afflicted with vampirism and can
                  | become a bat while bloodless. [Vampire growth]
   643 | D:1      | Reached XP level 3. HP: 16/19 MP: 6/6
   647 | D:1      | Learned a level 3 spell: Confusing Touch
  1351 | D:2      | Reached skill level 1 in Ice Magic
  1419 | D:2      | Noticed Terence
  1425 | D:2      | Killed Terence
  1426 | D:2      | Reached XP level 4. HP: 24/24 MP: 7/7
  1528 | D:2      | Reached skill level 6 in Stealth
  2077 | D:3      | Reached skill level 5 in Hexes
  2365 | D:4      | Found a hide-covered altar of Uskayaw.
  2370 | D:4      | Reached XP level 5. HP: 28/28 MP: 8/8
  2391 | D:4      | Slain by a gnoll

Illustrated notes

Levels and vault maps discovered:
D:1:      evilmike_arrival_rings, layout_basic, shapermc_ecumenical_altar_gd,
          chequers_serial_rivers_micro_a, minmay_ruptured
D:2:      layout_loops_ring, kennysheep_boxes, uniq_terence
D:3:      layout_rooms
D:4:      layout_rooms, mainiacjoe_overflow_concentric_impassable, temple_hall

Skill      XL: |  1  2  3  4 |
---------------+-------------+-----
Stealth        | 5 6 |  6.5
Short Blades   | 2 3 |  3.5
Ice Magic      | 1 |  1.0
Hexes          | 5 |  5.0
Dodging        | |  2.1
Spellcasting   | |  2.0

Action                     |  1- 3 |  4- 6 || total
---------------------------+-------+-------++-------
  Melee: Dagger            |   118 |       ||   118
         Bite              |    12 |     1 ||    13
         Short sword       |    20 |    43 ||    63
   Cast: Ensorcelled Hiber |     9 |     3 ||    12
Ability: Exsanguinate      |     1 |       ||     1
    Use: Potion            |     1 |       ||     1
         Scroll            |     2 |     5 ||     7
   Stab: Sleeping          |     9 |    18 ||    27
         Invisible         |     1 |       ||     1
 Armour: Robe              |    78 |    13 ||    91
  Dodge: Dodged            |   100 |    19 ||   119
  Block: Other             |    14 |     8 ||    22
         Reflection        |       |     1 ||     1

Table legend: (Time is in decaauts)
 A = Elapsed time spent in this place.
 B = Non-inter-level travel time spent in this place.
 C = Inter-level travel time spent in this place.
 D = Time resting spent in this place.
 E = Time spent auto-exploring this place.
 F = Levels seen in this place.
 G = Mean time per level.
                   A        B        C        D        E       F      G
               +--------+--------+--------+--------+--------+-----+--------+
         Total |   2370 |   2284 |     86 |      0 |   1675 |   4 |  592.5 |
       Dungeon |   2370 |   2284 |     86 |      0 |   1675 |   4 |  592.5 |
               +--------+--------+--------+--------+--------+-----+--------+

Top non-repeatable levels by time:
     D:1: 1092 daAuts
     D:2: 815 daAuts
     D:3: 419 daAuts
     D:4: 42 daAuts
